 Dungeon Crawl Stone Soup version 0.31-a0-196-g86fe4a5e66 (webtiles) character file.

Game seed: 16160681858778949350

37 olmar the Scratcher (level 3, -1/15 HPs)
             Began as a Felid Transmuter on June 25, 2023.
             Slain by a worm (8 damage)
             ... on level 3 of the Dungeon.
             The game lasted 00:03:10 (1586 turns).

olmar the Scratcher (Felid Transmuter)              Turns: 1586, Time: 00:03:11

Health: -1/15      AC:  1    Str:  6    XL:     3   Next: 23%
Magic:  6/7        EV: 17    Int: 16    God:
Gold:   32         SH:  0    Dex: 16    Spells: 4/7 levels left
                                        Lives:  0   Deaths: 0

rFire   . .          .
                       - Unarmed
rCold   . . .        (shield unavailable)
rNeg    . . .        (body armour unavailable)
rPois   .            (helmet unavailable)
rElec   .            (cloak unavailable)
rCorr   .            (gloves unavailable)
SInv    +            (boots unavailable)
Will    .....        (no amulet)
Stlth   +            (no ring)
HPRegen 0.22/turn    (no ring)
MPRegen 0.10/turn

%: no passive effects
@: appendages (expiring), quick
A: horns 2, very small, claws 1, fangs 3, see invisible, speed 1, shaggy fur 1,
stealthy paws, no weapons or thrown items, no armour, multi-lived
a: End Transformation


You were on level 3 of the Dungeon.
You had temporarily grown beastly horns.
You visited 1 branch of the dungeon, and saw 3 of its levels.

You collected 32 gold pieces.

Inventory:

Scrolls
 b - a scroll of revelation
 f - a scroll of silence {unknown}
Potions
 a - a potion of lignification
 c - a potion of curing {unknown}
 d - a potion of enlightenment {unknown}
 e - a potion of resistance {unknown}


   Skills:
 + Level 1.0 Fighting
 + Level 2.9 Dodging
 + Level 3.6 Unarmed Combat
 + Level 2.5 Spellcasting
 + Level 2.6 Transmutations


You had 4 spell levels left.
You knew the following spells:

 Your Spells              Type           Power      Damage    Failure   Level
a - Beastly Appendage     Tmut           20%        N/A       6%          1
b - Wereblood             Tmut           10%        N/A       10%         2

Your spell library contained the following spells:

 Spells                   Type           Power      Damage    Failure   Level
 Freeze                   Ice            8%         1d3       21%         1
 Spider Form              Tmut/Pois      6%         N/A       34%         3
 Frozen Ramparts          Ice            4%         1d1       52%         3
 Hailstorm                Conj/Ice       2%         3d3       52%         3
 Ice Form                 Ice/Tmut       6%         N/A       75%         4


Dungeon Overview and Level Annotations

Branches:
Dungeon (3/15)

Altars:


Innate Abilities, Weirdness & Mutations

You have temporarily grown beastly horns.
You have sharp claws.
You have razor-sharp teeth.
You have supernaturally acute eyesight. (SInv)
You cover ground quickly. (Speed+)
You are covered in fur. (AC +1)
Your paws help you pounce on unaware monsters.
You are incapable of wielding weapons or throwing items.
You cannot wear armour.
You gain extra lives every three experience levels.


Message History

Your damage rating with unarmed combat is about 7 (Base [5 + 3 (UC)] x 90% (Str) x 101% (Fight)).
Unknown command.
A goblin comes into view. It is wielding a +0 club.
You closely miss the rat. Your headbutt misses the rat.
The goblin shouts!
The rat bites you.
You scratch the rat.
You kill the rat!
You see here a rat corpse.
You closely miss the goblin. The goblin closely misses you.
You scratch the goblin.
You kill the goblin!
Your transformation is almost over.
Things that are here:
a +0 club; a goblin corpse Your horns disappear.
Found a mace.
You see here a +0 mace.
A worm comes into view.
Okay, then.
Unknown command.
Casting: Beastly Appendage (safe; 6% risk of failure)
Confirm with . or Enter, or press ? or * to list all spells.
You grow a pair of large bovine horns.
Your transformation is almost over.
You barely miss the worm. You bite the worm.
The worm is moderately wounded.
You scratch the worm. You headbutt the worm.
The worm is heavily wounded.
The worm bites you!
Ouch! That really hurt!
You are too injured to fight recklessly!
You are too injured to fight recklessly!
You are too injured to fight recklessly!
You scratch the worm but do no damage. Your headbutt misses the worm.
You claw the worm.
The worm is severely wounded.
The worm bites you!
Ouch! That really hurt!
You die...

##.## ## #..# # #.## #+#
# #.# #.# # #.# #.# #
##.##### ##.## #
#..<...######...## #
#..#.............########
#..#.#.#@................
#..#.#.#w##.##.##########
#........##.##.#
#.##.#.####.##.# #. ....
#.##.# ## #.# #.##.# #..
..##.# # ###


You could see a worm.

Vanquished Creatures
  A dart slug (D:1)
  4 endoplasms (D:1)
  3 giant cockroaches
  4 goblins
  3 hobgoblins
  4 quokkas
  2 bats (D:1)
  4 frilled lizards
  2 kobolds (D:1)
  6 rats
33 creatures vanquished.

Notes
Turn   | Place    | Note
-------+----------+-------------------------------------------
     0 | D:1      | olmar the Felid Transmuter began the quest for the Orb.
     0 | D:1      | Reached XP level 1. HP: 9/9 MP: 4/4
   251 | D:1      | Reached XP level 2. HP: 12/12 MP: 4/6
   518 | D:1      | Found a faded altar of an unknown god.
   589 | D:1      | Learned a level 2 spell: Wereblood
  1158 | D:2      | Reached XP level 3. HP: 15/15 MP: 5/7
  1586 | D:3      | Slain by a worm

Illustrated notes

Levels and vault maps discovered:
D:1:      dpeg_arrival_chambers_temple_mockup, layout_basic,
          basic_ecumenical_altar
D:2:      layout_rooms, nicolae_elevator_lobby_asterisk
D:3:      minmay_octagon_keep, layout_loops_corners, uniq_terence, uniq_ijyb

Action                     || total
---------------------------++-------
  Melee: Unarmed           ||    88
         Headbutt          ||    17
         Bite              ||     6
         Punch             ||     2
   Cast: Beastly Appendage ||    23
    Use: Scroll            ||     1
   Stab: Sleeping          ||     2
 Armour: Skin              ||     3
  Dodge: Dodged            ||    50

Table legend: (Time is in decaauts)
 A = Elapsed time spent in this place.
 B = Non-inter-level travel time spent in this place.
 C = Inter-level travel time spent in this place.
 D = Time resting spent in this place.
 E = Time spent auto-exploring this place.
 F = Levels seen in this place.
 G = Mean time per level.
                   A        B        C        D        E       F      G
               +--------+--------+--------+--------+--------+-----+--------+
         Total |   1374 |   1329 |     45 |    330 |    731 |   3 |  458.0 |
       Dungeon |   1374 |   1329 |     45 |    330 |    731 |   3 |  458.0 |
               +--------+--------+--------+--------+--------+-----+--------+

Top non-repeatable levels by time:
     D:1: 973 daAuts
     D:2: 300 daAuts
     D:3: 100 daAuts
